[Event "Baku Open 2024"]
[Site "Baku"]
[Date "2024.07.07"]
[Round "9.23"]
[White "Atakishiyev, Elmar"]
[Black "Orujov, Farid"]
[Result "1/2-1/2"]
[ECO "C43"]
[WhiteElo "2356"]
[BlackElo "2243"]
[Annotator "TA"]
[PlyCount "50"]
[EventDate "2024.06.29"]
[EventType "swiss"]
[EventCountry "AZE"]
[SourceTitle "playchess.com"]
[Source "ChessBase"]
[SourceQuality "1"]
[TimeControl "5400+30"]

1. e4 e5 2. Nf3 Nf6 3. d4 Nxe4 4. Bd3 Nc6 5. Nxe5 Nxe5 6. Bxe4 d5 7. dxe5 dxe4 8. Qxd8+ Kxd8 9. Bg5+ Ke8 10. Nc3 Bb4 11. O-O-O {[%emt 0:02:30][%csl Gg5][%cal Rd1d8] [#]} Bg4 {[%emt 0:02:41] And now ...Bxc3 would win.} 12. Rd4 Bxc3 13. bxc3 {[%emt 0:00:12][%cal Oh2h3] Threatening h3!} h6 {[%emt 0:00:37] Black is weak on the dark squares} 14. Rxe4 Bf3 15. gxf3 hxg5 $11 {[%emt 0:00:07][%mdl 4096] Endgame. KRR-KRR} 16. Rg4 Rh5 17. h4 gxh4 {[%emt 0:00:21] The position is equal.} 18. Rhxh4 (18. Rgxh4 Rxh4 19. Rxh4 Kd7 $14) 18... Rxh4 19. Rxh4 {[%emt 0:00:06] [#] Rh8+ is the strong threat. KR-KR} Ke7 20. Kd2 Ke6 21. f4 Rd8+ 22. Ke3 g6 23. Rh1 Kf5 24. Rh7 Ke6 25. Rh1 Kf5 {[%emt 1:15:46] Not much happened in this game.   Weighted Error Value: White=0.04 (flawless) /Black=0.03 (flawless) .  Inaccurate:     	---       	Black=1      OK:         	White=6     	Black=10     Best:        	---       	Black=1} 1/2-1/2

[Event "Baku Open 2024"]
[Site "Baku"]
[Date "2024.07.07"]
[Round "9.24"]
[White "Mammadova, Gulnar"]
[Black "Amangeldy, Ernur"]
[Result "1-0"]
[ECO "B30"]
[WhiteElo "2348"]
[BlackElo "2223"]
[Annotator "TA"]
[PlyCount "27"]
[EventDate "2024.06.29"]
[EventType "swiss"]
[EventCountry "AZE"]
[SourceTitle "playchess.com"]
[Source "ChessBase"]
[SourceQuality "1"]
[TimeControl "5400+30"]

1. e4 c5 2. Nf3 Nc6 3. Bb5 e5 4. O-O Bd6 5. d3 Nge7 6. Bc4 h6 {[%emt 0:02:08] Prevents Ng5.} (6... O-O $14) 7. Nc3 O-O ({Better is} 7... Ng6) 8. Nh4 $16 {[%emt 0:10:01] aiming for Qh5. White is clearly better.} Bc7 9. Qh5 {[%emt 0:05:14][%cal Oc1h6] [#] Black must now prevent Bxh6! White is more active.} Na5 $2 (9... Nd4 $16 {is a better chance.} 10. f4 d5) 10. Bd5 $18 {[%emt 0:07:38] White is clearly winning.} (10. Bxh6 gxh6 11. Qxh6 Nxc4 $18) 10... d6 11. f4 exf4 12. Bxf4 Be6 13. Nf5 Nxd5 14. Nxd5 {[%emt 0:02:18] Black did not feel at home in the position after the opening.   Weighted Error Value: White=0.47/Black=1.12.  Loses game:     	---       	Black=1      Mistake:       	---       	Black=2      OK:         	White=2     	Black=2      Best:        	White=1     	---} 1-0

[Event "Baku Open 2024"]
[Site "Baku"]
[Date "2024.07.07"]
[Round "9.25"]
[White "Zhukova, Natalia"]
[Black "Prokhorov, Aleksey"]
[Result "1/2-1/2"]
[ECO "E94"]
[WhiteElo "2306"]
[BlackElo "2161"]
[Annotator "TA"]
[PlyCount "85"]
[EventDate "2024.06.29"]
[EventType "swiss"]
[EventCountry "AZE"]
[SourceTitle "playchess.com"]
[Source "ChessBase"]
[SourceQuality "1"]
[TimeControl "5400+30"]

1. d4 Nf6 2. c4 g6 3. Nc3 Bg7 4. e4 d6 5. Be2 O-O 6. Nf3 e5 7. O-O Na6 8. Be3 c6 9. d5 Ng4 10. Bg5 f6 11. Bh4 c5 12. Ne1 Nh6 13. f3 Nf7 14. a3 {[%emt 0:00:27] White is more active.} Bh6 {[%emt 0:01:00] White is better.} 15. Bf2 Bd7 16. Rb1 b6 17. b4 f5 18. Nd3 Nc7 19. Kh1 Ne8 20. bxc5 bxc5 {[%emt 0:00:49] [#]} 21. f4 fxe4 22. Nxe4 {[%emt 0:00:27] Threatens to win with fxe5.} exf4 (22... Bxf4 23. Nxf4 exf4 24. Be1 $11) 23. Bg4 Bxg4 24. Qxg4 Nf6 25. Nxf6+ Qxf6 26. Bh4 {[%emt 0:07:07] [#]} ({White should play} 26. Bg3 $1 $15) 26... Qd4 ({Better is} 26... g5 $1 $19 {White must now prevent ...Qg6.} 27. Nxf4 Ne5) 27. Nxf4 $15 Qxc4 (27... Rab8 $1 $17 28. Rbe1 Rfe8 (28... Qxc4 29. Nh5 $17)) 28. h3 Bxf4 29. Rxf4 Qxd5 {[%emt 0:00:07] And now ...Ne5 would win.} 30. Rd1 Qb7 31. Rf6 {[%emt 0:00:43][%cal Of6g6] Threatening mate with Rxg6+!} Kg7 {[%emt 0:02:27] Threatening ...Nh6.} 32. Re6 Rfe8 {[%emt 0:07:46] Inhibits Re7.} 33. Rde1 Rxe6 34. Qxe6 g5 35. Bg3 Rd8 36. Rf1 Qd7 $1 37. Qf6+ Kg8 38. Bxd6 $1 Nxd6 (38... Qxd6 $11 {keeps the balance.} 39. Qxf7+ Kh8) 39. Qxg5+ $16 Kh8 {[%emt 0:00:03] Hoping for ...Nb7.} 40. Qf6+ {[%emt 0:00:06][%mdl 1024] White has strong compensation.} Kg8 {[%emt 0:00:04] ...Ne4 would now be deadly.} 41. Qg5+ Kh8 {[%emt 0:00:05] ...Nb7 is the strong threat.} 42. Qf6+ Kg8 {[%emt 0:00:02] [#] aiming for ...Ne4.} 43. Qg5+ {[%emt 0:00:58] Weighted Error Value: White=0.23 (precise) /Black=0.16 (very precise) .  Mistake:       	White=3     	Black=3      Inaccurate:     	White=2     	Black=1      OK:         	White=14    	Black=11     Best:        	White=3     	Black=6      Strong:       	White=1     	Black=1} ({White must play} 43. Rf4 $1 $16 Nf5 (43... Nf7 $2 44. Rg4+ Kf8 45. Qg7+ Ke7 46. Re4+ Kd6 47. Qf6+ Kc7 48. Re7 $18) 44. Rxf5 (44. Qxf5 Qxf5 45. Rxf5 Rc8 $11) 44... Qd1+ 45. Rf1) 1/2-1/2

[Event "Baku Open 2024"]
[Site "Baku"]
[Date "2024.07.07"]
[Round "9.26"]
[White "Israilov, Agil"]
[Black "Mohamed Anees M"]
[Result "1/2-1/2"]
[ECO "A04"]
[WhiteElo "2141"]
[BlackElo "2306"]
[Annotator "TA"]
[PlyCount "83"]
[EventDate "2024.06.29"]
[EventType "swiss"]
[EventCountry "AZE"]
[SourceTitle "playchess.com"]
[Source "ChessBase"]
[SourceQuality "1"]
[TimeControl "5400+30"]

1. e4 c5 2. Nf3 e6 3. d3 Nc6 4. g3 g6 5. Bg2 Bg7 6. O-O Nge7 7. Nbd2 O-O 8. Qe2 d6 9. Re1 Rb8 10. h4 {[%emt 0:00:17] The position is equal.} e5 11. Nf1 h6 12. Be3 Nd4 13. Nxd4 cxd4 14. Bd2 Be6 15. Nh2 f5 16. exf5 Nxf5 17. Nf1 (17. c4 $11) 17... Qb6 ({Better is} 17... b5 $15) 18. b3 (18. c4 $11) 18... Rbc8 19. Rac1 Rc7 20. c4 dxc3 21. Bxc3 Rcf7 22. Rc2 h5 23. Qe4 Kh7 24. Bb2 {[%emt 0:22:47] [#]} Nxh4 $2 {[%emt 0:00:00][%mdl 8192] This costs Black the game.} 25. gxh4 Rxf2 $2 {[%emt 0:00:00] [#]} (25... Bh6 26. Nh2 Bf4 (26... Rxf2 $2 27. Bd4 $18)) 26. Bd4 $1 $18 Rxf1+ 27. Bxf1 Qd8 28. Be3 {[%emt 0:06:03] Wards off Rf4} (28. Bxa7 Rf4 $18) 28... d5 29. Qg2 Qxh4 30. Bf2 Qd8 31. Bg3 (31. Bxa7 Rf4 32. Be2 b6 $14) 31... Rf5 32. Qh2 e4 33. Bh3 Rf3 (33... Rg5 {was worth a try.}) 34. Bxe6 Qb6+ 35. Kh1 Qxe6 36. dxe4 Be5 $2 (36... Bc3 37. Rg1 dxe4) 37. Rg1 $2 (37. Bxe5 Rh3 38. Rc7+ Kg8 39. Rg7+ Kf8 40. Rf1+ Ke8 41. Rg8+ Ke7 42. Bf6+ (42. Rg7+ Ke8 $16) 42... Kd7 43. Rd8+ (43. Rxg6 Qxe4+ 44. Rg2 Qd3 $18) 43... Kc6 44. Rd6+ (44. exd5+ Qxd5+ 45. Rxd5 Rxh2+ 46. Kxh2 Kxd5 $18) 44... Qxd6 45. Qxh3) 37... Bxg3 38. Rxg3 Rf1+ 39. Kg2 Rf4 40. Re2 Qa6 41. Rge3 Rg4+ 42. Kh1 {[%emt 0:00:23][%mdl 32768] Weighted Error Value: White=0.42/Black=0.54.  Loses game:     	---       	Black=1      Mistake:       	White=3     	Black=4      Inaccurate:     	White=3     	Black=3      OK:         	White=11    	Black=14     Best:        	White=1     	---        Brilliant:      	White=1     	---       . An unexpected result.} 1/2-1/2

[Event "Baku Open 2024"]
[Site "Baku"]
[Date "2024.07.07"]
[Round "9.27"]
[White "Tsaruk, Maksim"]
[Black "Ahmadov, Fariz"]
[Result "1-0"]
[ECO "B01"]
[WhiteElo "2480"]
[BlackElo "2178"]
[Annotator "TA"]
[PlyCount "95"]
[EventDate "2024.06.29"]
[EventType "swiss"]
[EventCountry "AZE"]
[SourceTitle "playchess.com"]
[Source "ChessBase"]
[SourceQuality "1"]
[TimeControl "5400+30"]

1. e4 d5 2. exd5 Nf6 3. Nf3 Nxd5 4. d4 e6 5. c4 Nf6 6. Nc3 Be7 7. Be2 O-O 8. O-O c5 9. dxc5 Qxd1 10. Rxd1 Bxc5 {[%emt 0:00:29] White is better.} 11. Ne5 Nfd7 12. Nd3 {[%emt 0:05:40] White is much more active.} Be7 13. Be3 Nc6 14. Rd2 b6 15. Rad1 Bb7 16. f4 Rfd8 17. Bf3 {[%emt 0:03:55][%cal Od3b4] Hoping for Nb4!} Na5 18. Bxb7 Nxb7 19. Nb5 Na5 20. b3 Nc6 21. Nb4 Nxb4 22. Rxd7 Nxa2 23. Rxd8+ Rxd8 24. Rxd8+ Bxd8 25. Nxa7 $11 {[%emt 0:00:03][%mdl 4096] Endgame. KBN-KBN} Nc3 26. Kf1 f6 27. Nc8 b5 28. Bd4 Ne4 29. cxb5 Nd2+ 30. Ke2 Nxb3 31. Kd3 {[%emt 0:08:26] b6 is the strong threat.} Nxd4 $2 (31... Kf7 $14) 32. Kxd4 $14 {[%emt 0:00:05] KB-KN} Bc7 $2 (32... Kf7 33. b6 Ke8) 33. g3 $18 e5+ 34. fxe5 Bxe5+ 35. Kd5 {[%emt 0:00:04] [#] Black must now prevent b6.} Bb8 36. b6 f5 37. Ne7+ Kf7 38. Nc6 f4 39. Nxb8 {[%emt 0:00:06] Intending b7 and mate. KN-K3P} f3 40. Nc6 {[%emt 0:00:04] b7 would kill now.} f2 41. b7 f1=Q 42. b8=Q (42. b8=B $2 {too greedy.} Qh1+ 43. Kc5 Qxh2 $19) 42... Qg2+ 43. Kd6 Qd2+ 44. Kc7 {[%emt 0:00:00] Threatening mate with Qb3+.} Qxh2 {[%emt 0:00:21] [#]} (44... Qd5 $142 45. Qb4 h6) 45. Qb3+ $1 ({Less strong is} 45. Ne5+ Ke6 $18) 45... Kf6 46. Qf3+ Kg6 47. Qb3 $2 (47. Ne5+ {mates} Kh6 48. Qf4+ (48. Ng4+ Kg6 49. Nxh2 h5 50. Kd6 Kh6 51. Ke7 Kh7 52. Kf7 g6 53. Qf6 Kh6 54. Qxg6#) 48... g5 49. Qf6+ Kh5 50. Qf7+ Kh6 51. Ng4#) 47... Kg5 $2 (47... Kf6 $1 $11 {and Black has nothing to worry.}) 48. Qe6 $2 {[%mdl 32768] Weighted Error Value: White=0.03 (flawless) /Black=0.55.  Loses game:     	---       	Black=1      Mistake:       	---       	Black=1      Inaccurate:     	---       	Black=2      OK:         	White=13    	Black=13     Best:        	White=5     	Black=2     . Loss on time!?} ({White has to play} 48. Qe3+ $18 Kg4 49. Ne5+ Kh3 50. g4+ Qg3 51. Qe4) 1-0

[Event "Baku Open 2024"]
[Site "Baku"]
[Date "2024.07.07"]
[Round "9.28"]
[White "Serikbay, Assel"]
[Black "Salimova, Nurgyul"]
[Result "1/2-1/2"]
[ECO "D60"]
[WhiteElo "2217"]
[BlackElo "2436"]
[Annotator "TA"]
[PlyCount "67"]
[EventDate "2024.06.29"]
[EventType "swiss"]
[EventCountry "AZE"]
[SourceTitle "playchess.com"]
[Source "ChessBase"]
[SourceQuality "1"]
[TimeControl "5400+30"]

1. d4 Nf6 2. c4 e6 3. Nf3 d5 4. Nc3 c6 5. Bg5 Be7 6. e3 Nbd7 7. Bd3 O-O 8. O-O dxc4 9. Bxc4 b5 10. Bd3 Bb7 11. Qe2 b4 12. Ne4 c5 13. Nxf6+ {[%emt 0:09:42] White has an edge.} Bxf6 14. Bxf6 Qxf6 15. Bb5 Rfd8 16. Rfd1 Qe7 17. Rac1 cxd4 (17... Rac8 $11) 18. Rc7 $1 $16 Bxf3 19. Qxf3 Rab8 {[%emt 0:02:32] [#]} 20. Ba4 Kf8 (20... b3 $142 21. axb3 (21. exd4 bxa2 22. Rxa7 Rxb2 $15) (21. Bxb3 Qd6 $16) 21... Kf8) 21. Qg3 (21. Rxd4 $2 Ne5 22. Rxe7 Nxf3+ 23. gxf3 Kxe7 $19) 21... Rbc8 22. Rxa7 {[%emt 0:04:42] White has more active pieces.} (22. exd4 Rxc7 23. Qxc7 Nb6 $17) (22. Rxd4 $6 Nb6 23. Rxd8+ (23. Rxe7 $2 Rc1+) 23... Qxd8 24. Rxc8 (24. Rxa7 $2 Rc1+) 24... Qxc8 25. Qd6+ Kg8 $11) (22. Rb7 $142) 22... d3 {[%emt 0:03:08] [#]} 23. h3 (23. Rxd3 $2 Rc1+ 24. Rd1 Rxd1+ 25. Bxd1 Nf6 $19) (23. Bb5 $1 $18) 23... Ra8 24. Rxa8 Rxa8 25. Bxd7 Qxd7 {[%emt 0:00:05][%mdl 4096] Endgame. KQR-KQR} 26. Qh4 Qd6 27. Qxh7 {[%emt 0:01:16] Threatens to win with Qh8+.} Rxa2 28. Qh8+ (28. Qxd3 Qxd3 29. Rxd3 Rxb2 $15) 28... Ke7 29. Qxg7 d2 30. Qg5+ (30. e4 $16 {aiming for Qg5+.} Qc5 31. Kh2 (31. Rxd2 $2 {perishes.} Qc1+ 32. Kh2 Qxd2 $19) 31... Qxf2 32. Qg5+ f6 33. Qxd2 (33. Rxd2 fxg5 34. Rxf2 Kd6 $14) 33... Qxd2 34. Rxd2) 30... Ke8 $11 {[%emt 0:01:03] The position is equal.} 31. Qg8+ Ke7 32. Qg5+ Ke8 33. Qg8+ Ke7 34. Qg5+ {[%emt 0:00:21] Weighted Error Value: White=0.15 (very precise) /Black=0.21 (precise) .  Mistake:       	White=3     	Black=3      Inaccurate:     	White=2     	Black=1      OK:         	White=5     	Black=7      Best:        	White=3     	Black=5      Strong:       	White=1     	---} 1/2-1/2

[Event "Baku Open 2024"]
[Site "Baku"]
[Date "2024.07.07"]
[Round "9.29"]
[White "Galaktionov, Artem"]
[Black "Kairbekova, Amina"]
[Result "0-1"]
[ECO "E99"]
[WhiteElo "2358"]
[BlackElo "2244"]
[Annotator "TA"]
[PlyCount "84"]
[EventDate "2024.06.29"]
[EventType "swiss"]
[EventCountry "AZE"]
[SourceTitle "playchess.com"]
[Source "ChessBase"]
[SourceQuality "1"]
[TimeControl "5400+30"]

1. d4 Nf6 2. c4 g6 3. Nc3 Bg7 4. e4 d6 5. Nf3 O-O 6. Be2 e5 7. O-O Nc6 8. d5 Ne7 9. Ne1 Nd7 10. f3 f5 11. g4 f4 12. h4 Bf6 13. Ng2 Kh8 14. Bd2 {[%emt 0:01:20] The position is equal.} Ng8 15. Be1 g5 16. h5 Be7 17. Kh2 (17. Bd2 $11) 17... Ndf6 18. Rh1 Nh6 19. Kg1 (19. Bf2 $11 {remains equal.}) 19... Bd7 $17 20. Bf2 Qc8 21. Qd3 {[%emt 0:02:18] [#]} Nfxg4 $1 22. fxg4 Nxg4 23. Bxg4 Bxg4 24. Kf1 Qe8 (24... a6 $17 25. Kg1 Bd7) 25. Nb5 (25. Ke1 $1 $11) 25... Bd8 {[%emt 0:00:09][%mdl 1024] Black has strong compensation.} (25... Bxh5 $2 26. Nxc7 Qd7 27. Nxa8 $18) 26. h6 (26. Ke1 $17 {is a better defense.}) 26... Bd7 $19 27. Kg1 a6 28. Nc3 (28. Na3 {might work better.}) 28... g4 {[%emt 0:05:19] Strongly threatening ...g3.} 29. Rf1 Qg6 30. Nh4 (30. Bh4 {keeps fighting.}) 30... Qg5 (30... Qxh6 31. Nf5 Qg5 32. Qe2 $17 (32. Bh4 Qg6 $17)) (30... Bxh4 $19 31. Bxh4 g3 (31... Qxh6 32. Be7 $11)) 31. Nf5 g3 32. Bxg3 Rg8 (32... Bxf5 33. exf5 Rxf5 (33... Qxg3+ 34. Qxg3 fxg3 35. Ne4 $16) (33... fxg3 34. Ne4 $16) 34. Rh3) 33. Rf3 Bf6 (33... fxg3 34. Kg2 $15) (33... Bxf5 $6 34. exf5 Qg4 (34... fxg3 $2 35. Kg2 $18) 35. Kf1 $11) 34. Kf2 Rae8 {[%emt 0:05:49][%cal Od7f5] ...Bxf5! is the strong threat.} (34... fxg3+ 35. Rxg3 Qf4+ 36. Rf3 $11) 35. Rh3 (35. Ke2 $17 Bxf5 (35... fxg3 36. Rxg3 Qf4 37. Rf1 $11) 36. exf5) 35... Qg4 (35... fxg3+ 36. Rfxg3 Qc1 37. Rxg8+ Rxg8 38. Rg3) 36. Kg2 Rg6 (36... fxg3 37. c5 $17) 37. b3 Reg8 ({Much worse is} 37... fxg3 $6 38. Rfxg3 Bxf5 (38... Qf4 $2 39. Ne2 $18) 39. exf5 $11 (39. Rxg4 $2 Bxg4 40. Kf2 Bg5 $19)) 38. Nd1 fxg3 39. Nde3 $2 {[%emt 0:00:06][%mdl 8192] [#]} (39. Rh1 $17) 39... Qxh3+ $3 {[%emt 0:00:18][%mdl 512] Black mates.} 40. Kxh3 (40. Kg1 Qh2+) 40... g2 $1 (40... Rxh6+ $2 {too greedy.} 41. Kg2 Rh2+ 42. Kg1 $18) 41. Nxg2 Rxh6+ 42. Ngh4 Rxh4# {[%emt 0:00:04] Weighted Error Value: White=0.45/Black=0.24 (precise) .  Loses game:     	White=1     	---        Mistake:       	White=7     	Black=2      Inaccurate:     	White=1     	Black=1      OK:         	White=7     	Black=11     Best:        	White=1     	---        Brilliant:      	---       	Black=1} 0-1

[Event "Baku Open 2024"]
[Site "Baku"]
[Date "2024.07.07"]
[Round "9.30"]
[White "Valiyev, Shahin"]
[Black "Hamidov, Allahverdi"]
[Result "1/2-1/2"]
[ECO "C18"]
[WhiteElo "2244"]
[BlackElo "2307"]
[Annotator "RC"]
[PlyCount "49"]
[EventDate "2024.06.29"]
[EventType "swiss"]
[EventCountry "AZE"]
[SourceTitle "playchess.com"]
[Source "ChessBase"]
[SourceQuality "1"]
[TimeControl "5400+30"]

1. e4 e6 2. d4 d5 3. Nc3 Bb4 4. e5 c5 5. a3 Bxc3+ 6. bxc3 Ne7 7. Qg4 cxd4 8. Qxg7 Rg8 9. Qxh7 Qc7 10. Ne2 Nbc6 11. f4 dxc3 12. Qd3 d4 13. Nxd4 Nxd4 14. Qxd4 Bd7 15. Rg1 Nf5 16. Qf2 Qc6 17. Bd3 Qd5 18. Be3 Nxe3 19. Qxe3 Rxg2 20. Rxg2 Qxg2 21. Be4 Qxh2 22. O-O-O Bc6 23. Bxc6+ bxc6 24. Qd4 a5 25. Kb1 1/2-1/2

[Event "Baku Open 2024"]
[Site "Baku"]
[Date "2024.07.07"]
[Round "9.32"]
[White "Bizhigitov, Zhangir"]
[Black "Moosavifar, Seyed Abolfazl"]
[Result "1/2-1/2"]
[ECO "C81"]
[WhiteElo "2212"]
[BlackElo "2283"]
[Annotator "TA"]
[PlyCount "63"]
[EventDate "2024.06.29"]
[EventType "swiss"]
[EventCountry "AZE"]
[SourceTitle "playchess.com"]
[Source "ChessBase"]
[SourceQuality "1"]
[TimeControl "5400+30"]

1. e4 e5 2. Nf3 Nc6 3. Bb5 a6 4. Ba4 Nf6 5. O-O Nxe4 6. d4 b5 7. Bb3 d5 8. dxe5 Be6 9. Qe2 Nc5 10. Rd1 Nxb3 11. axb3 Be7 12. Nc3 O-O 13. h3 Nb4 14. Ne1 {[%emt 0:15:32] The position is equal.} c5 15. Ne4 Qb6 16. Ng3 d4 17. Nd3 Nxd3 18. Qxd3 f6 19. exf6 (19. Nf5 $15 Bxf5 20. Qxf5) 19... Bxf6 $17 (19... Rxf6 $6 20. Bg5 Rf7 21. Bxe7 Rxe7 22. b4 $11) 20. Nh5 Bf7 (20... Rae8 {looks sharper.} 21. Qg3 Bf5 22. c3 Bc2) 21. Nxf6+ Qxf6 22. Qg3 Qg6 23. Bf4 Qxc2 24. b4 {[%emt 0:02:11] White is weak on the light squares} Bg6 (24... cxb4 $11 25. Rxd4 Qxb2) 25. bxc5 $14 d3 26. b4 Qc4 {[%emt 0:03:29][%csl LRb4,LRf4] [#]} 27. Bd6 ({White should play} 27. Bd2 $1 $16) 27... Rfe8 $11 28. Qf4 Re4 29. Qf3 Rae8 (29... Ree8 $11 {keeps the balance.}) 30. Rxd3 $16 (30. Qxd3 $2 {loses.} Qxd3 (30... Qxb4 31. c6 $16) (30... Re1+ $2 31. Rxe1 Rxe1+ 32. Rxe1 $19) 31. Rxd3 Re1+ (31... Rxb4 32. Rda3 $18) 32. Kh2 Rxa1 $19) 30... R4e6 31. Re3 Be4 ({Better is} 31... Rxe3 $14 32. fxe3 Be4) 32. Qe2 {[%emt 0:07:18] Weighted Error Value: White=0.14 (very precise) /Black=0.22 (precise) .  Mistake:       	White=2     	Black=3      Inaccurate:     	White=1     	Black=2      OK:         	White=10    	Black=7      Best:        	White=1     	Black=1} 1/2-1/2

[Event "Baku Open 2024"]
[Site "Baku"]
[Date "2024.07.07"]
[Round "9.33"]
[White "Kurmangaliyeva, Liya"]
[Black "Gurbanov, Ismayil"]
[Result "1-0"]
[ECO "E12"]
[WhiteElo "2282"]
[BlackElo "2163"]
[Annotator "TA"]
[PlyCount "117"]
[EventDate "2024.06.29"]
[EventType "swiss"]
[EventCountry "AZE"]
[SourceTitle "playchess.com"]
[Source "ChessBase"]
[SourceQuality "1"]
[TimeControl "5400+30"]

1. d4 Nf6 2. c4 e6 3. Nf3 b6 4. a3 Bb7 5. Nc3 d5 6. Qc2 Be7 7. Bf4 {[%emt 0:00:43] E12: Queen's Indian: Unusual White 4th moves, 4 a3, 4 Nc3 Bb7 5 a3 and 4 Nc3 Bb7 .} O-O 8. Rd1 dxc4 9. e4 b5 10. h4 b4 $146 ({Predecessor:} 10... Nbd7 11. Ng5 Nh5 12. Bc1 h6 13. Nxb5 hxg5 14. hxg5 Bxg5 15. Rxh5 Bxc1 16. Qxc1 Nf6 {½-½ Adhiban,B (2668)-Jakovenko,D (2747) Olympiad-43 Batumi 2018 (6.6)}) 11. axb4 Bxb4 12. Ng5 h6 13. f3 hxg5 14. hxg5 Nfd7 15. Qf2 Re8 16. Qh4 Kf8 17. Qh7 g6 18. Bxc4 Ke7 19. Kf2 Na6 20. Ra1 Nab8 21. Nb5 Bd6 22. e5 Bb4 23. d5 Bxd5 24. Bxd5 Nf8 25. Qg7 exd5 26. Qf6+ Kd7 27. Qxf7+ Kc8 28. Rhc1 Ne6 29. Nd6+ Bxd6 30. exd6 Nd7 $2 (30... Qd7 $11 31. Qxg6 (31. dxc7 Na6 $15) 31... Nc6 (31... Nxf4 $2 32. Rxc7+ $18) 32. dxc7) 31. Bg3 $2 (31. dxc7 Qe7 32. Qxg6 Ndc5 $14 (32... Kb7 $2 33. Qd3 $18)) (31. Rxc7+ $1 $18 Nxc7 32. Rc1 (32. dxc7 Qe7 $17)) 31... c5 $2 (31... Ndf8 $11 {and Black stays safe.}) 32. Qxg6 $2 (32. Re1 $18) 32... Kb7 33. Qd3 Nb6 (33... Qxg5 $2 34. Qa6+ Kb8 35. Qb5+ Kc8 36. Qc6+ Kb8 37. Rxc5 $18 (37. Qxd7 Rg8 $11) (37. Qxd7 Rg8 $11)) (33... Qb6 $1 $11 34. Qxd5+ Qc6 35. Qb3+ Qb6 36. Qd5+ Qc6 37. Qb3+ Qb6 38. Qd5+) 34. Qa6+ $16 Kc6 35. b4 Qc8 (35... Qxg5 $2 36. b5+ Kd7 37. Qb7+ Kd8 38. f4 $18) 36. Qa5 $1 (36. Qxc8+ Rexc8 37. Re1 (37. bxc5 $2 Nxc5 38. Rh1 a5 $19) 37... Re8 (37... Nxg5 38. bxc5 Nd7 39. Ra6+ Kb5 40. Raa1 $17) 38. bxc5 Nxc5 39. Rxe8 Rxe8 40. Rxa7 d4 41. Rc7+ Kb5 $19 (41... Kd5 $2 42. Rf7 $17)) 36... c4 37. Rd1 $2 ({White should try} 37. Rh1 $1 $18 Nf8 (37... Nxg5 $2 38. Rh5 $18) 38. Kg1) 37... Kd7 $2 {[%emt 0:01:22][%mdl 8192] [#]} (37... Nxg5 38. Rxd5 Nh3+ (38... Nxd5 $2 39. d7 $18) 39. gxh3 Nxd5 40. d7 $18 (40. Qc5+ Kb7 $18) (40. Qc5+ Kb7 $18)) (37... a6 $1 $11) 38. Rh1 $1 $18 Nxg5 (38... Nf8 $142 39. g6 Kc6) 39. Rh5 Nf7 (39... c3 $142) 40. Rh7 $18 Ke6 41. Re1+ Kf6 42. Qa1+ c3 43. Rxe8 (43. Bh4+ Kg6 44. d7 (44. Rxe8 Qc4 $11) 44... Nxd7 (44... Kxh7 $2 45. dxe8=Q Qxe8 46. Rxe8 $18) (44... Qxd7 $2 45. Qb1+ Qf5 46. Rg7+ Kxg7 47. Qxf5 $18) 45. Rxe8 Qc4 46. Rxa8 Kxh7 $18) 43... Qxe8 44. Qxc3+ Ke6 45. Qe3+ (45. Qd4 $142 Qg8 46. Rg7 (46. Qe3+ Kd7 $18) 46... Qxg7 47. Qxg7) 45... Kd7 $18 46. Qf4 Kc6 47. Rxf7 Kb5 48. Re7 Qh8 49. Qd2 Rc8 50. Rxa7 Rc4 51. d7 Rxb4 52. Qe2+ Rc4 53. Be5 (53. Qa2 $142 Qd8 54. Qb2+ (54. Qa5+ Kc6 $18) 54... Kc5 55. Qe5 (55. Rc7+ Qxc7 56. Bxc7 Nxd7 $18) 55... Nxd7 56. Rc7+ (56. Qd6+ Kd4 $18) 56... Qxc7 57. Qxc7+ Kb4 58. Qxd7) 53... Qh4+ $18 54. Kg1 Qe7 55. f4 Nxd7 56. Rb7+ (56. Qb2+ $142 Qb4 57. Qxb4+ (57. Rxd7 Qxb2 58. Rb7+ Kc5 $18) 57... Rxb4 58. Rxd7) 56... Ka6 $18 {[%emt 0:00:06] [#]} 57. Ra7+ (57. Rc7 $3 $18 Qb4 (57... Qe6 58. Qa2+) 58. Rxd7 Qb6+ 59. Kh2 Qh6+ 60. Kg3 Qg6+ 61. Qg4 Qxg4+ 62. Kxg4) 57... Kb5 $1 (57... Kxa7 $2 {too greedy.} 58. Bd4+ $18) 58. Qb2+ Qb4 59. Qxb4+ 1-0